 Dungeon Crawl Stone Soup version 0.30.1-11-g7821555f0a (webtiles) character file.

Game seed: 11299384674910702399

101 ChrisAssaf the Ducker (level 4, -1/41 HPs)
             Began as a Gnoll Monk on Nov 13, 2023.
             Slain by an orc
             ... wielding a +0 flail
              (7 damage)
             ... on level 4 of the Dungeon.
             The game lasted 00:04:34 (943 turns).

ChrisAssaf the Ducker (Gnoll Monk)                   Turns: 943, Time: 00:04:34

Health: -1/41      AC:  3    Str: 10    XL:     4   Next: 75%
Magic:  2/5        EV: 15    Int: 12    God:
Gold:   80         SH:  0    Dex: 14    Spells: 1/5 levels left

rFire   . . .        l - +0 war axe
rCold   . . .        d - orb {light}
rNeg    . . .        b - +1 robe
rPois   .            (no helmet)
rElec   .            (no cloak)
rCorr   .            (no gloves)
SInv    .            (no boots)
Will    .....        (no amulet)
Stlth   +            (no ring)
HPRegen 0.26/turn    (no ring)
MPRegen 0.09/turn

%: no passive effects
@: attractive, hasted, glowing, very quick
A: fangs 1, strong nose, distributed training
a: no special abilities


You were on level 4 of the Dungeon.
You visited 1 branch of the dungeon, and saw 4 of its levels.

You collected 80 gold pieces.

Inventory:

Hand Weapons
 a - a +0 hand axe
 k - a +2 short sword of venom
 l - a +0 war axe (weapon)
Armour
 b - a +1 robe (worn)
 d - an orb of light (worn)
Scrolls
 e - 2 scrolls of immolation
 f - a scroll of poison {unknown}
 h - a scroll of noise
 i - a scroll of magic mapping {unknown}


   Skills:
 + Level 6.6 Fighting
 + Level 1.2 Short Blades
 + Level 1.2 Long Blades
 + Level 6.6 Axes
 + Level 1.2 Maces & Flails
 + Level 1.2 Polearms
 + Level 1.2 Staves
 + Level 1.2 Ranged Weapons
 + Level 1.2 Throwing
 + Level 1.2 Armour
 + Level 6.6 Dodging
 + Level 1.2 Stealth
 + Level 1.2 Shields
 + Level 1.2 Unarmed Combat
 + Level 1.2 Spellcasting
 + Level 1.0 Conjurations
 + Level 1.0 Hexes
 + Level 1.0 Summonings
 + Level 1.0 Necromancy
 + Level 1.0 Translocations
 + Level 1.0 Transmutations
 + Level 1.0 Fire Magic
 + Level 1.0 Ice Magic
 + Level 1.0 Air Magic
 + Level 1.0 Earth Magic
 + Level 1.0 Poison Magic
 + Level 1.4 Invocations
 + Level 1.2 Evocations


You had one spell level left.
You knew the following spells:

 Your Spells              Type           Power      Damage    Failure   Level
a - Freeze                Ice            12%        1d3       19%         1
b - Frozen Ramparts       Ice            6%         1d1       50%         3

Your spell library contained the following spells:

 Spells                   Type           Power      Damage    Failure   Level
 Hailstorm                Conj/Ice       3%         3d3       50%         3


Dungeon Overview and Level Annotations

Branches:
Dungeon (4/15)
 Temple: D:4-7

Altars:
Ashenzari
Elyvilon
Zin
The Shining One


Innate Abilities, Weirdness & Mutations

You have very sharp teeth.
Your uncanny sense of smell can sniff out nearby items.
Your experience applies equally to all skills.


Message History

The wall freezes the orc wizard.
The orc wizard hits you with a +0 dagger.
The wall freezes the orc but does no damage.
The wall freezes the goblin.
You kill the goblin!
The wall freezes the ball python.
The wall freezes the orc but does no damage.
Unknown command.
You slash the orc wizard!
The orc wizard is severely wounded.
The wall freezes the ball python. x2
You kill the ball python!
The wall freezes the orc wizard but does no damage.
The orc wizard misses you.
The wall freezes the ogre.
You slash the orc wizard!
You kill the orc wizard!
The wall freezes the iguana but does no damage.
Your Conjurations skill increases to level 1!
Your Hexes skill increases to level 1!
Your Summonings skill increases to level 1!
Your Necromancy skill increases to level 1!
Your Translocations skill increases to level 1!
Your Transmutations skill increases to level 1!
Your Fire Magic skill increases to level 1!
Your Ice Magic skill increases to level 1!
Your Air Magic skill increases to level 1!
Your Earth Magic skill increases to level 1!
Your Poison Magic skill increases to level 1!
It was a potion of attraction.
You feel attractive to monsters.
The wall freezes the iguana but does no damage.
The iguana barely misses you.
The wall freezes the orc but does no damage.
The orc hits you with a +0 flail!
* * * LOW HITPOINT WARNING * * *
The wall freezes the ogre.
The wall freezes the orc wizard.
It was a potion of haste.
You feel yourself speed up.
The frozen ramparts melt away.
The iguana completely misses you. The orc hits you with a +0 flail!
You die...

......o...# #..
o.........# # .
#.........## .
#.........# ## .# #
......l...##.##.#..
#...l##.S..........
...... ............
#...##.##........
#..#.#l@#
##..##...Oo##..
#.....†._Oo....#
....##.....##..##
##..#..#.#..#....#
.##
#...##.##.....##
...###?........## #
........#....#
.......#...##


You could see 2 ogres, an iguana, an orc wizard and an orc.

Vanquished Creatures
  An iguana (D:3)
  An orc wizard (D:4)
  2 adders
  A worm (D:2)
  2 dart slugs
  An orc (D:3)
  5 ball pythons
  2 bats
  3 endoplasms (D:2)
  2 goblins
  A hobgoblin (D:1)
  3 jackals (D:3)
  2 kobolds
26 creatures vanquished.

Notes
Turn   | Place    | Note
-------+----------+-------------------------------------------
     0 | D:1      | ChrisAssaf the Gnoll Monk began the quest for the Orb.
     0 | D:1      | Reached XP level 1. HP: 23/23 MP: 1/1
   148 | D:1      | Reached XP level 2. HP: 16/29 MP: 2/2
   292 | D:2      | Reached XP level 3. HP: 26/35 MP: 3/3
   311 | D:2      | Learned a level 1 spell: Freeze
   440 | D:3      | Reached skill level 1 in Invocations
   529 | D:3      | Reached skill level 1 in Short Blades
   529 | D:3      | Reached skill level 1 in Long Blades
   529 | D:3      | Reached skill level 1 in Maces & Flails
   529 | D:3      | Reached skill level 1 in Polearms
   529 | D:3      | Reached skill level 1 in Staves
   529 | D:3      | Reached skill level 1 in Ranged Weapons
   529 | D:3      | Reached skill level 1 in Throwing
   529 | D:3      | Reached skill level 1 in Armour
   529 | D:3      | Reached skill level 1 in Stealth
   529 | D:3      | Reached skill level 1 in Shields
   529 | D:3      | Reached skill level 1 in Unarmed Combat
   529 | D:3      | Reached skill level 1 in Spellcasting
   529 | D:3      | Reached skill level 1 in Evocations
   529 | D:3      | Reached XP level 4. HP: 18/41 MP: 0/5
   647 | D:4      | Noticed an ogre
   663 | D:3      | Learned a level 3 spell: Frozen Ramparts
   732 | D:3      | Found a white marble altar of Elyvilon.
   732 | D:3      | Found a glowing golden altar of the Shining One.
   732 | D:3      | Found a glowing silver altar of Zin.
   912 | D:4      | Found a broken altar of Ashenzari.
   912 | D:4      | Noticed an orc warrior
   923 | D:4      | Noticed a +0 falchion
   934 | D:4      | Noticed an ogre
   942 | D:4      | Reached skill level 1 in Conjurations
   942 | D:4      | Reached skill level 1 in Hexes
   942 | D:4      | Reached skill level 1 in Summonings
   942 | D:4      | Reached skill level 1 in Necromancy
   942 | D:4      | Reached skill level 1 in Translocations
   942 | D:4      | Reached skill level 1 in Transmutations
   942 | D:4      | Reached skill level 1 in Fire Magic
   942 | D:4      | Reached skill level 1 in Ice Magic
   942 | D:4      | Reached skill level 1 in Air Magic
   942 | D:4      | Reached skill level 1 in Earth Magic
   942 | D:4      | Reached skill level 1 in Poison Magic
   943 | D:4      | Slain by an orc

Illustrated notes

Levels and vault maps discovered:
D:1:      dpeg_arrival_simpleton_b, layout_rooms, chequers_serial_rivers_room_b
D:2:      layout_basic, basic_altar
D:3:      layout_loops_ring, dreamdust_divine_triumvirate,
          nicolae_yredelemnul_corpse_copse
D:4:      layout_cave_pools, nicolae_uskayaw_en_pointe,
          mainiacjoe_overflow_small_starburst, serial_shops,
          nicolae_take_the_stairs

Skill      XL: |  1  2  3  4 |
---------------+-------------+-----
Invocations    | 1 |  1.4
Short Blades   | 1 |  1.2
Long Blades    | 1 |  1.2
Maces & Flails | 1 |  1.2
Polearms       | 1 |  1.2
Staves         | 1 |  1.2
Ranged Weapons | 1 |  1.2
Throwing       | 1 |  1.2
Armour         | 1 |  1.2
Stealth        | 1 |  1.2
Shields        | 1 |  1.2
Unarmed Combat | 1 |  1.2
Spellcasting   | 1 |  1.2
Evocations     | 1 |  1.2
Conjurations   | 1 |  1.0
Hexes          | 1 |  1.0
Summonings     | 1 |  1.0
Necromancy     | 1 |  1.0
Translocations | 1 |  1.0
Transmutations | 1 |  1.0
Fire Magic     | 1 |  1.0
Ice Magic      | 1 |  1.0
Air Magic      | 1 |  1.0
Earth Magic    | 1 |  1.0
Poison Magic   | 1 |  1.0
Fighting       | |  6.6
Axes           | |  6.6
Dodging        | |  6.6

Action                     |  1- 3 |  4- 6 || total
---------------------------+-------+-------++-------
  Melee: Hand axe          |    50 |       ||    50
         Bite              |     8 |     2 ||    10
         War axe           |       |     9 ||     9
         Short sword       |       |     3 ||     3
   Cast: Freeze            |     7 |     2 ||     9
         Frozen Ramparts   |       |     1 ||     1
    Use: Potion            |     2 |     2 ||     4
         Scroll            |     4 |     4 ||     8
 Armour: Robe              |     5 |     1 ||     6
  Dodge: Dodged            |    56 |    37 ||    93
